 Dungeon Crawl Stone Soup version 0.30-a0-585-g93115170b9 (webtiles) character file.

Game seed: 10750093425857800936

923 Decipherer the Cudgeller (level 7, -14/61 HPs)
             Began as a Minotaur Berserker on Jan 2, 2023.
             Was an Elder of Trog.
             Demolished by Prince Ribbit (15 damage)
             ... on level 6 of the Dungeon.
             The game lasted 00:06:52 (4412 turns).

Decipherer the Cudgeller (Minotaur Berserker)       Turns: 4412, Time: 00:06:52

Health: -14/61     AC:  6    Str: 23    XL:     7   Next: 84%
Magic:  6/6        EV: 12    Int:  4    God:    Trog [****..]
Gold:   308        SH:  0    Dex: 10    Spells: 6/6 levels left

rFire   . . .      SeeInvis .    a - +0 mace
rCold   . . .      Faith    +    (no shield)
rNeg    . . .      Spirit   .    e - +0 ring mail
rPois   .          Reflect  .    (helmet restricted)
rElec   .          Harm     .    (no cloak)
rCorr   .          Rampage  .    (no gloves)
Will    .....                    (no boots)
Stlth   +                        q - amulet of faith
HPRegen 0.30/turn                (no ring)
MPRegen 0.10/turn                (no ring)

@: mighty, marked
A: horns 2, retaliatory headbutt
a: Renounce Religion, Berserk, Trog's Hand, Brothers in Arms


You were on level 6 of the Dungeon.
You worshipped Trog.
Trog was greatly pleased with you.
You visited 1 branch of the dungeon, and saw 6 of its levels.

You collected 308 gold pieces.

Inventory:

Hand Weapons
 a - a +0 mace (weapon)
Missiles
 l - 15 poisoned darts
Armour
 e - a +0 ring mail (worn)
Jewellery
 q - an amulet of faith (around neck)
Scrolls
 b - a scroll of identify
 f - a scroll of fog {unknown}
 g - 3 scrolls of teleportation
 h - a scroll of torment {unknown}
 n - a scroll of blinking {unknown}
 p - a scroll of magic mapping
Potions
 d - 4 potions of lignification
 j - a potion of haste
 o - a potion of flight {unknown}
 r - a potion of heal wounds {unknown}


   Skills:
 + Level 5.6 Fighting
 + Level 7.5 Maces & Flails
 + Level 6.4 Armour
 + Level 4.2 Dodging
 + Level 0.5 Stealth


You had 6 spell levels left.
You didn't know any spells.
Your spell library contained the following spells:

 Spells                   Type           Power      Damage    Failure   Level
 Beastly Appendage        Tmut           0%         N/A       65%         1
 Wereblood                Tmut           0%         N/A       78%         2
 Spider Form              Tmut/Pois      0%         N/A       95%         3
 Passage of Golubria      Tloc           0%         N/A       100%        4
 Silence                  Hex/Air        0%         N/A       100%        5
 Lehudib's Crystal Spear  Conj/Erth      0%         10d2      100%        8


Dungeon Overview and Level Annotations

Branches:
Dungeon (6/15)             Temple (0/1) D:5

Altars:
Cheibriados
Dithmenos
Makhleb
Xom
The Shining One

Annotations:
D:6 Prince Ribbit


Innate Abilities, Weirdness & Mutations

You have a pair of horns on your head.
You reflexively headbutt those who attack you in melee.


Message History

Found 6 gold pieces.
A sourceless malevolence fills the Dungeon...
With a horrendous wail, an alarm goes off!
A sentinel's mark forms upon you.
You hear a shout! x3
Unknown command.
Prince Ribbit is nearby!
Prince Ribbit hits you!
Unknown command.
Prince Ribbit is nearby!
You barely miss Prince Ribbit. Prince Ribbit hits you. Prince Ribbit hits you!
Unknown command.
Prince Ribbit is nearby!
You are too injured to fight recklessly!
Unknown command.
Prince Ribbit is nearby!
You are too injured to fight recklessly!
Unknown command.
Prince Ribbit is nearby!
You are too injured to fight recklessly!
Unknown command.
Prince Ribbit is nearby!
You are too injured to fight recklessly!
Unknown command.
You are too injured to fight recklessly!
You feel very mighty all of a sudden. Prince Ribbit completely misses you.
You barely miss Prince Ribbit. Your headbutt misses Prince Ribbit.
Prince Ribbit hits you! Prince Ribbit misses you.
You hit Prince Ribbit. You headbutt Prince Ribbit!
Prince Ribbit is moderately wounded.
Prince Ribbit hits you.
* * * LOW HITPOINT WARNING * * *
An ogre comes into view. It is wielding a +0 giant club.
You miss Prince Ribbit.
Prince Ribbit is moderately wounded.
Prince Ribbit hits you!
* * * LOW HITPOINT WARNING * * *
Prince Ribbit hits you!
You die...

##.~~..≈≈. #..~..≈~.
#..~..~~.. #†.≈..~~...
#..~~..~~...
#...~..~~...
#.#.~~..≈~.# .
#....~~..≈.#######....
#.._.~~..~.#..@F$O....
#....~~..~.#.######...
#...~~..~≈.#.#
#...~~..~....#
#.#.~..~~...##
#..........##
##.........#
###########


You could see Prince Ribbit and an ogre.

Vanquished Creatures
  A sky beast (D:6)
  2 ogres
  2 necrophages
  A scorpion (D:6)
  2 howler monkeys (D:5)
  3 hounds
  A jelly (D:4)
  An orc priest (D:4)
  An orc wizard (D:3)
  3 gnolls (D:4)
  8 adders
  A shadow imp (D:5)
  2 white imps
  An ufetubus (D:4)
  3 worms
  5 dart slugs
  9 orcs
  8 endoplasms
  3 giant cockroaches
  8 goblins
  5 hobgoblins
  4 quokkas
  9 ball pythons
  5 bats
  6 frilled lizards
  9 kobolds
  3 rats
106 creatures vanquished.

Vanquished Creatures (others)
  29 plants (D:1)
29 creatures vanquished.

Grand Total: 135 creatures vanquished

Notes
Turn   | Place    | Note
-------+----------+-------------------------------------------
     0 | D:1      | Decipherer the Minotaur Berserker began the quest for the
                  | Orb.
     0 | D:1      | Reached XP level 1. HP: 19/19 MP: 0/0
    94 | D:1      | Reached XP level 2. HP: 20/27 MP: 1/1
   359 | D:1      | Reached skill level 4 in Maces & Flails
   397 | D:1      | Reached ** piety under Trog
   469 | D:1      | Reached XP level 3. HP: 33/33 MP: 2/2
  1496 | D:2      | Reached XP level 4. HP: 40/40 MP: 3/3
  1578 | D:2      | Found a faded altar of an unknown god.
  1923 | D:3      | Reached skill level 5 in Maces & Flails
  1938 | D:3      | Reached *** piety under Trog
  2141 | D:3      | Found a glowing golden altar of the Shining One.
  2216 | D:3      | Found a burning altar of Makhleb.
  2607 | D:4      | Reached XP level 5. HP: 46/46 MP: 4/4
  2826 | D:4      | Noticed an ogre
  2833 | D:4      | Killed an ogre
  2834 | D:4      | Reached XP level 6. HP: 32/53 MP: 5/5
  2925 | D:4      | Reached skill level 5 in Armour
  3132 | D:4      | Reached skill level 6 in Maces & Flails
  3334 | D:4      | Reached skill level 5 in Fighting
  3483 | D:5      | Entered Level 5 of the Dungeon
  3629 | D:5      | Found a staircase to the Ecumenical Temple.
  3662 | D:5      | Reached XP level 7. HP: 60/61 MP: 6/6
  3755 | D:5      | Reached **** piety under Trog
  3775 | D:5      | Found a shadowy altar of Dithmenos.
  3910 | D:5      | Reached skill level 7 in Maces & Flails
  4263 | D:6      | Noticed Prince Ribbit
  4264 | D:6      | Found a shimmering altar of Xom.
  4285 | D:6      | Found a snail-covered altar of Cheibriados.
  4412 | D:6      | HP: 1/61 [Prince Ribbit (15)]
  4412 | D:6      | Demolished by Prince Ribbit

Illustrated notes

Levels and vault maps discovered:
D:1:      nicolae_arrival_memento_mori, layout_basic, serial_bayou,
          serial_bayou_pond_c, serial_bayou_pond_a, serial_bayou_pond_c,
          serial_bayou_lagoon_a, serial_bayou_shore_a
D:2:      layout_basic, shapermc_ecumenical_altar_flowoftime, minivault_11,
          minmay_misc_feat_doors, minmay_fractal_squares_gapless_5
D:3:      layout_rooms, lemuel_tele_altar, lightli_temple_of_fire
D:4:      layout_loops_cross
D:5:      layout_rooms, nicolae_dithmenos_through_a_glass_darkly,
          minmay_temple_entry_from_below_b
D:6:      layout_cave_pools, nicolae_overflow_hidden_temple,
          mainiacjoe_overflow_catch_the_wave, uniq_prince_ribbit1

Skill      XL: |  1  2  3  4  5  6  7 |
---------------+----------------------+-----
Fighting       | 4 5 |  5.6
Maces & Flails | 4 5 6 7 |  7.5
Armour         | 3 4 5 6 |  6.4
Dodging        | 3 4 |  4.2
Stealth        | |  0.5

Action                   |  1- 3 |  4- 6 |  7- 9 || total
-------------------------+-------+-------+-------++-------
Melee: Mace              |    93 |   130 |    62 ||   285
       Headbutt          |    10 |    18 |    11 ||    39
       Punch             |       |     1 |     1 ||     2
Invok: Berserk           |       |     2 |       ||     2
  Use: Scroll            |     5 |     1 |     3 ||     9
       Potion            |     3 |     1 |     1 ||     5
Armor: Animal skin       |     1 |       |       ||     1
       Ring mail         |    38 |    45 |    16 ||    99
       Skin              |       |     4 |       ||     4
Dodge: Dodged            |    54 |    90 |    32 ||   176

Table legend: (Time is in decaauts)
 A = Elapsed time spent in this place.
 B = Non-inter-level travel time spent in this place.
 C = Inter-level travel time spent in this place.
 D = Time resting spent in this place.
 E = Time spent auto-exploring this place.
 F = Levels seen in this place.
 G = Mean time per level.
                   A        B        C        D        E       F      G
               +--------+--------+--------+--------+--------+-----+--------+
         Total |   4491 |   4340 |    151 |      0 |   3486 |   6 |  748.5 |
       Dungeon |   4491 |   4340 |    151 |      0 |   3486 |   6 |  748.5 |
               +--------+--------+--------+--------+--------+-----+--------+

Top non-repeatable levels by time:
     D:1: 1013 daAuts
     D:2: 925 daAuts
     D:4: 907 daAuts
     D:5: 741 daAuts
     D:3: 709 daAuts
     D:6: 192 daAuts
